 Dungeon Crawl Stone Soup version 0.31-a0-459-gc8a9bf3d51 (webtiles) character file.

Game seed: 12743610138574102261

433 Ethylacetat the Trooper (level 7, -6/38 HPs)
             Began as a Vine Stalker Monk on Aug 3, 2023.
             Mangled by an ogre
             ... wielding a +0 giant spiked club
              (19 damage)
             ... on level 4 of the Dungeon.
             The game lasted 00:04:36 (2550 turns).

Ethylacetat the Trooper (Vine Stalker Monk)         Turns: 2550, Time: 00:04:37

Health: -6/38      AC: 11    Str: 13    XL:     7   Next: 0%
Magic:  0/13       EV: 10    Int: 10    God:
Gold:   225        SH:  0    Dex: 19    Spells: 13/13 levels left

rFire   . . .        f - +2 dagger (elec)
rCold   . . .        c - orb {light}
rNeg    . . .        q - +4 scale mail of Paranoia {Rampage +Inv rElec Will-}
rPois   .            (no helmet)
rElec   +            h - +0 cloak
rCorr   +            (no gloves)
SInv    .            (no boots)
Will    .....        a - amulet of regeneration Stlth
                     j - ring of flight
HPRegen 1.86/turn    l - ring of resist corrosion
MPRegen 0.13/turn

%: guardian spirit, rampage
@: flying, glowing
A: fangs 2, regeneration 1, magic shield, antimagic bite, no potion heal 2
a: Evoke Invisibility


You were on level 4 of the Dungeon.
You visited 1 branch of the dungeon, and saw 4 of its levels.

You collected 225 gold pieces.

Inventory:

Hand Weapons
 f - a +2 dagger of electrocution (weapon)
Missiles
 r - 6 poisoned darts
Armour
 c - an orb of light (worn)
 h - a +0 cloak (worn)
 q - the +4 scale mail of Paranoia (worn) {Rampage +Inv rElec Will-}
   (You took it off an orc on level 3 of the Dungeon)

   rElec:     It insulates you from electricity.
   +Inv:      It lets you turn invisible.
   Rampage:   It bestows one free step when moving towards enemies.
   Will:      It decreases your willpower.
Jewellery
 a - an amulet of regeneration (around neck)
 j - a ring of flight (left hand)
 l - a ring of resist corrosion (right hand)
Scrolls
 d - a scroll of torment {unknown}
 e - a scroll of vulnerability {unknown}
 i - 2 scrolls of fear {unknown}
 k - 3 scrolls of teleportation {unknown}
 m - a scroll of identify {unknown}
 p - a scroll of blinking {unknown}
 u - a scroll of revelation {unknown}
Potions
 b - 2 potions of ambrosia
 g - 2 potions of magic {unknown}
 n - 2 potions of might {unknown}
 o - a potion of degeneration {unknown}
 s - a potion of haste {unknown}
 t - a potion of attraction {unknown}
 v - a potion of resistance {unknown}


   Skills:
 + Level 4.6 Fighting
 * Level 3.0 Short Blades
 - Level 2.4 Dodging
 - Level 3.0 Unarmed Combat
 + Level 3.9 Spellcasting


You had 13 spell levels left.
You didn't know any spells.
Your spell library contained the following spells:

 Spells                   Type           Power      Damage    Failure   Level
 Foxfire                  Conj/Fire      4%         2x1d4     78%         1
 Blink                    Tloc           2%         N/A       89%         2
 Lesser Beckoning         Tloc           2%         N/A       89%         2
 Momentum Strike          Conj/Tloc      2%         3d8       89%         2
 Scorch                   Fire           2%         2d5       89%         2
 Wereblood                Tmut           1%         N/A       89%         2
 Teleport Other           Tloc           1%         N/A       98%         3
 Irradiate                Conj/Tmut      0%         3d11      100%        5
 Summon Forest            Summ/Tloc      0%         N/A       100%        5


Dungeon Overview and Level Annotations

Branches:
Dungeon (4/15)
 Temple: D:4-7

Altars:
Zin


Innate Abilities, Weirdness & Mutations

You have extremely sharp teeth.
Your natural rate of healing is unusually fast.
When hurt, damage is shared between your health and your magic reserves.
Your bite disrupts and absorbs the magic of your enemies.
Potions cannot restore your health.


Message History

The adder is moderately wounded.
The adder bites you.
You are poisoned.
The adder poisons you!
You hit the adder.
The adder is heavily wounded.
You feel sick. The adder barely misses you.
An adder is nearby!
You barely miss the adder.
The adder is heavily wounded.
You feel sick. The adder closely misses you.
You hit the adder.
The adder is severely wounded.
You feel sick. The adder bites you but does no damage.
You hit the adder. You bite the adder.
You kill the adder!
You feel sick.
You are no longer poisoned.
You have reached level 7!
You now have 225 gold pieces (gained 12).
An ogre comes into view. It is wielding a +0 giant spiked club.
The ogre shouts!
An ogre is nearby!
You rampage towards the ogre!
You rampage towards the ogre!
The ogre hits you with a +0 giant spiked club!
You hit the ogre but do no damage. Lightning courses through the ogre!
The ogre is heavily wounded.
You barely miss the ogre. You bite the ogre, but do no damage.
The ogre is heavily wounded.
The ogre hits you with a +0 giant spiked club!!
Ouch! That really hurt!
* * * LOW HITPOINT WARNING * * *
You are too injured to fight recklessly!
You are too injured to fight recklessly!
You hit the ogre.
The ogre is heavily wounded.
The ogre hits you with a +0 giant spiked club!!
Ouch! That really hurt!
You die...

..##
#............. ..#
#...............#
..#
##...............#
.##
#................#
.#
#................#
.#
#................#
##
#................#
#............O..#
#...........@...#
###............##
##............#
##...........#.#
##...##.......#..#
##...#####....##
.# ##..### ######
. #.### ## ###


You could see an ogre.

Vanquished Creatures
  A centaur (D:4)
  A phantom (D:4)
  2 hounds (D:4)
  An orc priest (D:3)
  A jelly (D:3)
  3 gnolls (D:4)
  6 adders
  2 worms
  2 dart slugs (D:1)
  4 orcs
  4 endoplasms
  2 giant cockroaches
  7 goblins
  3 hobgoblins
  7 jackals
  6 quokkas
  8 ball pythons
  8 bats
  A frilled lizard (D:3)
  10 kobolds
  4 rats
83 creatures vanquished.

Notes
Turn   | Place    | Note
-------+----------+-------------------------------------------
     0 | D:1      | Ethylacetat the Vine Stalker Monk began the quest for the
                  | Orb.
     0 | D:1      | Reached XP level 1. HP: 11/11 MP: 2/2
   143 | D:1      | Reached skill level 1 in Spellcasting
   143 | D:1      | Reached XP level 2. HP: 5/16 MP: 4/4
   208 | D:1      | Reached skill level 3 in Fighting
   780 | D:2      | Reached XP level 3. HP: 15/20 MP: 4/6
   924 | D:2      | Got the Secrets of the Quantum Sun
  1118 | D:2      | Gained mutation: Your natural rate of healing is unusually
                  | fast. [Vine Stalker growth]
  1118 | D:2      | Reached XP level 4. HP: 25/25 MP: 8/8
  1700 | D:3      | Found a glowing silver altar of Zin.
  1778 | D:3      | Identified the +4 scale mail of Paranoia {Rampage +Inv
                  | rElec Will-}
  1781 | D:3      | Reached skill level 4 in Fighting
  1787 | D:3      | Reached XP level 5. HP: 20/29 MP: 6/10
  1932 | D:3      | Identified the +1 ring mail "Jonucib" {rElec Dex+2}
  2055 | D:3      | Reached skill level 1 in Short Blades
  2315 | D:4      | Noticed a centaur
  2320 | D:4      | Killed a centaur
  2321 | D:4      | Reached XP level 6. HP: 32/34 MP: 8/12
  2515 | D:4      | Reached XP level 7. HP: 37/38 MP: 13/13
  2550 | D:4      | Mangled by an ogre

Illustrated notes

Levels and vault maps discovered:
D:1:      dpeg_arrival_refuge, layout_basic
D:2:      minmay_kobold_bridge, layout_loops_ring, minmay_ruptured
D:3:      layout_loops_ring, mainiacjoe_overflow_surrounded_room, minmay_vboxes
D:4:      layout_cave_pods, nicolae_wormholes

Skill      XL: |  1  2  3  4  5  6 |
---------------+-------------------+-----
Spellcasting   | 1 2 3 |  3.9
Fighting       | 3 4 |  4.6
Short Blades   | 2 3 |  3.0
Dodging        | |  2.4
Unarmed Combat | |  3.0

Action                     |  1- 3 |  4- 6 |  7- 9 || total
---------------------------+-------+-------+-------++-------
  Melee: Unarmed           |    41 |       |       ||    41
         Bite              |    21 |    38 |     1 ||    60
         Dagger            |    35 |   134 |     3 ||   172
 Armour: Robe              |    12 |    11 |       ||    23
         Scale mail        |       |    30 |       ||    30
  Dodge: Dodged            |    48 |    85 |       ||   133

Table legend: (Time is in decaauts)
 A = Elapsed time spent in this place.
 B = Non-inter-level travel time spent in this place.
 C = Inter-level travel time spent in this place.
 D = Time resting spent in this place.
 E = Time spent auto-exploring this place.
 F = Levels seen in this place.
 G = Mean time per level.
                   A        B        C        D        E       F      G
               +--------+--------+--------+--------+--------+-----+--------+
         Total |   2536 |   2487 |     49 |      2 |   2018 |   4 |  634.0 |
       Dungeon |   2536 |   2487 |     49 |      2 |   2018 |   4 |  634.0 |
               +--------+--------+--------+--------+--------+-----+--------+

Top non-repeatable levels by time:
     D:2: 764 daAuts
     D:1: 757 daAuts
     D:3: 692 daAuts
     D:4: 322 daAuts
